 Dungeon Crawl Stone Soup version 0.29.0-11-gd7f09526c8 (webtiles) character file.

Game seed: 1303862549852426934

170 poire the Trooper (level 5, -3/46 HPs)
             Began as a Draconian Transmuter on Sept 6, 2022.
             Slain by Blork the orc
             ... wielding a +2 battleaxe of venom
              (15 damage)
             ... on level 4 of the Dungeon.
             The game lasted 00:04:21 (3636 turns).

poire the Trooper (Draconian Transmuter)            Turns: 3636, Time: 00:04:22

Health: -3/46      AC:  2    Str: 19    XL:     5   Next: 25%
Magic:  5/9        EV: 19    Int: 13    God:
Gold:   186        SH:  0    Dex: 18    Spells: 4/10 levels left

rFire   . . .      SeeInvis .     - Unarmed
rCold   . . .      Faith    .   (shield currently unavailable)
rNeg    + . .      Spirit   .   (body armour unavailable)
rPois   x          Reflect  .   (helmet currently unavailable)
rElec   .          Harm     .   (cloak currently unavailable)
rCorr   .          Rampage  .   (gloves currently unavailable)
Will    .....                   (boots currently unavailable)
Stlth   ++........              (no amulet)
HPRegen 0.15/turn               m - +6 ring of strength
MPRegen 0.11/turn               h - ring of positive energy

@: lethally poisoned (-3 -> -30), spider-form (expiring), very slightly
contaminated
A: venomous fangs, AC +5, tiny, unfitting armour, (cold-blooded)
a: End Transformation


You were on level 4 of the Dungeon.
You were a venomous arachnid creature.
You visited 1 branch of the dungeon, and saw 4 of its levels.

You collected 186 gold pieces.

Inventory:

Jewellery
 c - a ring of willpower
 g - an amulet of faith
 h - a ring of positive energy (right front leg)
 m - a +6 ring of strength (left front leg)
Wands
 d - a wand of flame (37)
Potions
 a - a potion of lignification
 b - a potion of invisibility {unknown}
 e - a potion of mutation
 f - 2 potions of curing
 l - a potion of haste {unknown}
 o - a potion of attraction {unknown}


   Skills:
 - Level 4.1 Fighting
 - Level 1.7 Dodging
 - Level 3.0 Unarmed Combat
 + Level 3.1 Spellcasting
 - Level 3.1 Transmutations


You had 4 spell levels left.
You knew the following spells:

 Your Spells              Type           Power      Damage    Failure   Level
a - Beastly Appendage     Tmut           20%        N/A       17%         1
b - Wereblood             Tmut           10%        N/A       24%         2
c - Spider Form           Tmut/Pois      6%         N/A       58%         3

Your spell library contained the following spells:

 Spells                   Type           Power      Damage    Failure   Level
 Foxfire                  Conj/Fire      8%         2x1d4     43%         1
 Slow                     Hex            8%         N/A       43%         1
 Blink                    Tloc           4%         N/A       56%         2
 Conjure Flame            Conj/Fire      2%         6-21      77%         3
 Dazzling Flash           Conj/Hex       4%         N/A       77%         3
 Inner Flame              Hex/Fire       2%         N/A       77%         3
 Lesser Beckoning         Tloc           2%         N/A       77%         3
 Ice Form                 Ice/Tmut       6%         N/A       90%         4
 Flame Wave               Conj/Fire      2%         2d4       98%         4
 Agony                    Necr           2%         N/A       100%        5
 Manifold Assault         Tloc           2%         N/A       100%        5
 Silence                  Hex/Air        1%         N/A       100%        5


Dungeon Overview and Level Annotations

Branches:
Dungeon (4/15)
 Temple: D:4-7

Altars:
Fedhas
Gozag
Kikubaaqudgha
Okawaru
Ru
Zin

Annotations:
D:4 Blork the orc


Innate Abilities, Weirdness & Mutations

You are a venomous arachnid creature.
You have poisonous fangs.
You are tiny and dextrous.
Your spellcasting is less reliable in this form.
Your armour is entirely melded.
You are incapable of wielding weapons or throwing items.
((Your plain brown scales are hard. (AC +5)))
You cannot fit into any form of body armour.
((You are cold-blooded and may be slowed by cold attacks.))


Message History

Confirm with . or Enter, or press ? or * to list all spells.
You grow a pair of large bovine horns.
Your feet morph into talons.
The kobold shouts!
The kobold closely misses you.
You barely miss the kobold. You claw the kobold.
You kill the kobold!
Okay, then.
You feel your willpower return.
Your transformation is almost over.
Magic restored.
There is a stone staircase leading up here.
You now have 186 gold pieces (gained 18).
Your horns disappear.
Your talons disappear.
Blork the orc comes into view.
He is wielding a +2 battleaxe of venom.
Blork the orc shouts!
Blork the orc is nearby!
Blork the orc is nearby!
Blork the orc is nearby!
Casting: Beastly Appendage (safe; 6% risk of failure)
Confirm with . or Enter, or press ? or * to list all spells.
You miscast Beastly Appendage.
You are very lightly contaminated with residual magic.
Nothing appears to happen.
Blork the orc points at you and mumbles some strange words.
The puff of flame hits you.
Casting: Beastly Appendage (safe; 6% risk of failure)
Confirm with . or Enter, or press ? or * to list all spells.
The spell is quite dangerous to miscast (36% risk of failure)!
Continue anyway?
You turn into a venomous arachnid creature.
Your transformation is almost over.
Blork the orc hits you with a +2 battleaxe of venom!
You are lethally poisoned!
You barely miss Blork the orc.
You feel extremely sick.
You hit Blork the orc.
Blork the orc is poisoned.
Blork the orc is lightly wounded.
* * * LOW HITPOINT WARNING * * *
You feel very sick.
Blork the orc hits you with a +2 battleaxe of venom!
You die...

#.# ##....# #.#
#.....# #.#
#.....#
#.###..####
#......# #####.##
##.## ######...
#...# #.o...... .
#.#.###s#####....
#................
#######.#####.###
#... #####


You could see Blork the orc (very poisoned).

Vanquished Creatures
  Terence (D:1)
  Jessica (D:2)
  Robin (D:2)
  3 adders (D:2)
  2 dart slugs
  5 orcs (D:3)
  6 ball pythons
  9 bats
  2 endoplasms
  A giant cockroach (D:2)
  13 goblins
  7 hobgoblins
  A quokka (D:1)
  10 kobolds
  7 rats
69 creatures vanquished.

Vanquished Creatures (others)
  A plant (D:3)
1 creature vanquished.

Grand Total: 70 creatures vanquished

Notes
Turn   | Place    | Note
-------+----------+-------------------------------------------
     0 | D:1      | poire the Draconian Transmuter began the quest for the Orb.
     0 | D:1      | Reached XP level 1. HP: 16/16 MP: 3/3
     3 | D:1      | Noticed an electric eel
     4 | D:1      | Noticed an electric eel
   417 | D:1      | Reached XP level 2. HP: 18/23 MP: 2/5
  1015 | D:2      | Noticed Terence
  1048 | D:1      | Killed Terence
  1049 | D:1      | Reached XP level 3. HP: 15/28 MP: 7/7
  1636 | D:2      | Noticed Jessica
  1639 | D:2      | Killed Jessica
  1640 | D:2      | Reached skill level 2 in Fighting
  1640 | D:2      | Reached XP level 4. HP: 35/37 MP: 6/8
  1643 | D:2      | Learned a level 2 spell: Wereblood
  1647 | D:2      | Learned a level 3 spell: Spider Form
  1744 | D:2      | Reached skill level 3 in Fighting
  1842 | D:2      | Noticed Robin
  2049 | D:2      | Killed Robin
  2050 | D:2      | Reached XP level 5. HP: 2/46 MP: 5/9
  2862 | D:3      | Reached skill level 4 in Fighting
  3107 | D:3      | Found a blossoming altar of Fedhas.
  3129 | D:3      | Found an iron altar of Okawaru.
  3129 | D:3      | Found a sacrificial altar of Ru.
  3136 | D:3      | Found an opulent altar of Gozag.
  3138 | D:3      | Found a glowing silver altar of Zin.
  3140 | D:3      | Found an ancient bone altar of Kikubaaqudgha.
  3383 | D:3      | Found a faded altar of an unknown god.
  3388 | D:3      | Got Plato's Disquisition on Curses
  3628 | D:4      | Noticed Blork the orc
  3636 | D:4      | Slain by Blork the orc

Illustrated notes

Levels and vault maps discovered:
D:1:      arrival_aquarium_b, layout_basic
D:2:      layout_basic, uniq_terence, uniq_jessica, uniq_robin
D:3:      layout_basic, chequers_temple_overflow_minitemple,
          mainiacjoe_overflow_paths, shapermc_ecumenical_altar_rom_forum
D:4:      layout_loops_corners, minmay_temple_entry_statues_pillars,
          st_stairs_13, uniq_ijyb, uniq_blork_the_orc, uniq_pikel

Skill      XL: |  1  2  3  4  5 |
---------------+----------------+-----
Spellcasting   | 3 |  3.1
Transmutations | 3 |  3.1
Fighting       | 2 3 4 |  4.1
Dodging        | |  1.7
Unarmed Combat | |  3.0

Action                   |  1- 3 |  4- 6 || total
-------------------------+-------+-------++-------
Melee: Unarmed           |   103 |    75 ||   178
       Kick              |    18 |    18 ||    36
       Headbutt          |    11 |    11 ||    22
       Tailslap          |     8 |     3 ||    11
       Punch             |     4 |       ||     4
 Cast: Beastly Appendage |    19 |    25 ||    44
       Spider Form       |       |     2 ||     2
       Wereblood         |       |     4 ||     4
  Use: Scroll            |     4 |     4 ||     8
       Potion            |     4 |       ||     4
 Stab: Sleeping          |       |     1 ||     1
Armor: Skin              |    61 |    12 ||    73
Dodge: Dodged            |    94 |    62 ||   156
